 Dungeon Crawl Stone Soup version 0.29.1-15-g9cfb28693d (webtiles) character file.

Game seed: 18038826511667632603

7 Descartes the Scratcher (level 1, 0/9 HPs)
             Began as a Felid Transmuter on Mar 28, 2023.
             Constricted to death by a ball python (1 damage)
             ... on level 1 of the Dungeon.
             The game lasted 00:00:39 (429 turns).

Descartes the Scratcher (Felid Transmuter)           Turns: 429, Time: 00:00:39

Health: 0/9        AC:  1    Str:  6    XL:     1   Next: 91%
Magic:  3/4        EV: 14    Int: 14    God:
Gold:   49         SH:  0    Dex: 16    Spells: 3/4 levels left
                                        Lives:  0   Deaths: 0

rFire   . . .      SeeInvis +     - Unarmed
rCold   . . .      Faith    .   (shield unavailable)
rNeg    . . .      Spirit   .   (body armour unavailable)
rPois   .          Reflect  .   (helmet unavailable)
rElec   .          Harm     .   (cloak unavailable)
rCorr   .          Rampage  .   (gloves unavailable)
Will    .....                   (boots unavailable)
Stlth   +.........              (no amulet)
HPRegen 0.03/turn               (no ring)
MPRegen 0.09/turn               (no ring)

@: appendages (expiring), constricted, quick
A: horns 2, very small, claws 1, fangs 3, see invisible, speed 1, shaggy fur 1,
stealthy paws, no weapons or thrown items, no armour, multi-lived
a: End Transformation


You were on level 1 of the Dungeon.
You had temporarily grown beastly horns.
You visited 1 branch of the dungeon, and saw 1 of its levels.

You collected 49 gold pieces.

Inventory:

Scrolls
 b - a scroll of teleportation {unknown}
Potions
 a - a potion of lignification
 c - 2 potions of heal wounds {unknown}


   Skills:
 + Level 1.2 Fighting
 + Level 2.9 Dodging
 + Level 3.1 Unarmed Combat
 + Level 2.1 Spellcasting
 + Level 2.3 Transmutations


You had 3 spell levels left.
You knew the following spells:

 Your Spells              Type           Power      Damage    Failure   Level
a - Beastly Appendage     Tmut           16%        N/A       9%          1

Your spell library contained the following spells:

 Spells                   Type           Power      Damage    Failure   Level
 Wereblood                Tmut           8%         N/A       14%         2
 Spider Form              Tmut/Pois      4%         N/A       41%         3
 Ice Form                 Ice/Tmut       4%         N/A       82%         4


Dungeon Overview and Level Annotations

Branches:
Dungeon (1/15)

Altars:


Innate Abilities, Weirdness & Mutations

You have temporarily grown beastly horns.
You have sharp claws.
You have razor-sharp teeth.
You have supernaturally acute eyesight. (SInv)
You cover ground quickly. (Speed+)
You are covered in fur. (AC +1)
Your paws help you pounce on unaware monsters.
You are incapable of wielding weapons or throwing items.
You cannot wear armour.
You gain extra lives every three experience levels.


Message History

No target in view!
No target in view!
No target in view!
No target in view!
No target in view!
Your transformation is almost over.
Your horns disappear.
You now have 49 gold pieces (gained 11).
c - 2 orange potions (gained 1)
Found a faded altar of an unknown god.
A ball python comes into view.
The ball python moves out of view. 2 ball pythons and a kobold come into view.
The ball python hisses angrily.
The kobold shouts!
A bat comes into view.
Casting: Beastly Appendage (safe; 9% risk of failure)
Confirm with . or Enter, or press ? or * to list all spells.
You grow a pair of large bovine horns.
The ball python misses you. The ball python closely misses you.
You closely miss the ball python. You headbutt the ball python.
The ball python is heavily wounded.
The bat hits you but does no damage. The ball python misses you.
The ball python closely misses you.
You closely miss the ball python. You headbutt the ball python.
The ball python is severely wounded.
Your transformation is almost over.
The bat barely misses you. The ball python misses you.
The ball python grabs you. The ball python constricts you.
The ball python misses you. The ball python completely misses you.
The ball python constricts you.
You closely miss the ball python.
The ball python is severely wounded.
The bat hits you. The ball python bites you. The ball python barely misses you.
The ball python constricts you.
You claw the ball python!
You kill the ball python!
The kobold hits you with a +0 club.
* * * LOW HITPOINT WARNING * * *
The ball python misses you. The ball python constricts you.
You die...

.. # .....## ##. .## ......
.#..# #..#.
.####....#......###.... ..
......#...#...#...#
.###........# .....#
.##........## ##†K.##
.#..........###.@Sb.#
.............#...#...#
.......†........## ....#
............#..## ..##
######..######..# ##
#......## ###..### #.....##
#......# ######
#....######......# #....#
#....#...........#######....#


You could see a bat, a ball python and a kobold.

Vanquished Creatures
  A ball python (D:1)
  An endoplasm (D:1)
  A goblin (D:1)
  2 hobgoblins (D:1)
  A quokka (D:1)
  A rat (D:1)
7 creatures vanquished.

Notes
Turn   | Place    | Note
-------+----------+-------------------------------------------
     0 | D:1      | Descartes the Felid Transmuter began the quest for the Orb.
     0 | D:1      | Reached XP level 1. HP: 9/9 MP: 4/4
   419 | D:1      | Found a faded altar of an unknown god.
   429 | D:1      | Constricted to death by a ball python

Illustrated notes

Levels and vault maps discovered:
D:1:      dpeg_arrival_rhombus, layout_rooms, nicolae_ecumenical_snake_handling

Action                   || total
-------------------------++-------
Melee: Unarmed           ||    17
       Headbutt          ||     6
       Bite              ||     1
 Cast: Beastly Appendage ||     7
Armor: Skin              ||     1
Dodge: Dodged            ||    18
